 Dungeon Crawl Stone Soup version 0.30-a0-341-g682706514a (webtiles) character file.

Game seed: 3442735499709907300

46 Elric the Poker (level 3, -5/23 (28) HPs)
             Began as a Merfolk Reaver on Nov 2, 2022.
             Killed from afar by Terence (17 damage)
             ... with a bolt of dispelling energy
             ... on level 3 of the Dungeon.
             The game lasted 00:04:20 (1497 turns).

Elric the Poker (Merfolk Reaver)                    Turns: 1497, Time: 00:04:21

HP:   -5/23 (28)    AC:  4    Str: 14    XL:     3   Next: 66%
MP:   5/6           EV: 12    Int: 12    God:
Gold: 116           SH:  0    Dex: 12    Spells: 3/6 levels left

rFire   . . .      SeeInvis .    h - +0 trident (vorpal)
rCold   . . .      Faith    .    (no shield)
rNeg    . . .      Spirit   .    b - +0 leather armour
rPois   .          Reflect  .    (no helmet)
rElec   .          Harm     .    k - +0 cloak
rCorr   .          Rampage  .    (no gloves)
Will    .....                    (no boots)
Stlth   +.........               (no amulet)
HPRegen 0.23/turn                (no ring)
MPRegen 0.10/turn                (no ring)

@: heavily drained
A: (nimble swimmer 2), mertail
a: no special abilities


You were on level 3 of the Dungeon.
You visited 1 branch of the dungeon, and saw 3 of its levels.

You collected 116 gold pieces.

Inventory:

Hand Weapons
 a - a +0 spear
 h - a +0 vorpal trident (weapon)
Armour
 b - a +0 leather armour (worn)
 j - a +0 plate armour
 k - a +0 cloak (worn)
Scrolls
 c - a scroll of summoning {unknown}
 e - a scroll of immolation {unknown}
 l - a scroll of poison {unknown}
 m - a scroll of torment {unknown}
Potions
 d - a potion of mutation {unknown}
 f - a potion of might {unknown}
 g - a potion of lignification {unknown}
 i - a potion of curing


   Skills:
 + Level 2.7 Fighting
 * Level 4.9 Polearms
 - Level 2.9 Dodging
 - Level 2.1 Spellcasting
 + Level 2.7 Conjurations
 + Level 0.2 Translocations


You had 3 spell levels left.
You knew the following spells:

 Your Spells              Type           Power      Damage    Failure   Level
a - Kiss of Death         Conj/Necr      16%        2d6       21%         1
b - Momentum Strike       Conj/Tloc      8%         3d8       28%         2

Your spell library contained the following spells:

 Spells                   Type           Power      Damage    Failure   Level
 Apportation              Tloc           2%         N/A       32%         1
 Necrotise                Necr           4%         1d4       34%         1
 Summon Small Mammal      Summ           4%         N/A       34%         1
 Hailstorm                Conj/Ice       4%         3d4       52%         3
 Call Canine Familiar     Summ           1%         N/A       71%         3
 Summon Guardian Golem    Hex/Summ       1%         N/A       71%         3


Dungeon Overview and Level Annotations

Branches:
Dungeon (3/15)

Altars:
Zin

Annotations:
D:3 Terence


Innate Abilities, Weirdness & Mutations

((You are very nimble when in or above water. (Stealth+, EV+, Speed+++)))
Your lower body shifts to a powerful aquatic tail in water.


Message History

Magic restored.
You start resting.
HP restored.
You start waiting.
Done waiting.
There is a stone staircase leading down here.
You climb downwards.
Level annotation: Terence
There is a stone staircase leading up here.
There is a stone staircase leading up here.
There is a stone staircase leading up here.
Terence is nearby!
Terence zaps a wand.
The bolt of dispelling energy misses you.
There is a stone staircase leading up here.
There are no items here.
There are no items here.
Reach: h) +0 trident (vorpal)
Press: ? - help, Dir - move target, f - Terence
Aim: Terence, wielding a +0 hand axe, wearing a +0 scale mail and carrying a wand of quicksilver (5) (about 37% to evade your +0 vorpal trident)
You reach to attack!
You hit Terence but do no damage.
Casting: Momentum Strike (quite dangerous; 28% risk of failure)
Confirm with . or Enter, or press ? or * to list all spells.
Aiming: Kiss of Death (safe; 21% risk of failure)
Press: ? - help, Shift-Dir - straight line, f/p - Terence
Aim: Terence, wielding a +0 hand axe, wearing a +0 scale mail and carrying a wand of quicksilver (5) (100% to hit)
The negative energy hits Terence.
Terence is drained!
Terence is moderately wounded.
You feel drained.
Terence zaps a wand.
The bolt of dispelling energy hits you!
Ouch! That really hurt!
It was a potion of curing.
You feel better.
Terence zaps a wand.
The bolt of dispelling energy misses you.
You hit Terence but do no damage.
Terence is moderately wounded.
Terence hits you with a +0 hand axe.
You puncture Terence!
Terence is severely wounded.
Terence zaps a wand.
The bolt of dispelling energy hits you!
Ouch! That really hurt!
You die...

################..
....)...@@........
....#########.....
. ... .


You could see Terence (very drained).

Vanquished Creatures
  2 dart slugs (D:1)
  A bat (D:2)
  3 endoplasms
  3 giant cockroaches (D:2)
  3 goblins (D:1)
  4 hobgoblins
  8 jackals
  3 ball pythons
  2 frilled lizards
  4 kobolds (D:1)
  2 rats (D:1)
35 creatures vanquished.

Notes
Turn   | Place    | Note
-------+----------+-------------------------------------------
     0 | D:1      | Elric the Merfolk Reaver began the quest for the Orb.
     0 | D:1      | Reached XP level 1. HP: 16/16 MP: 3/3
    92 | D:1      | Reached XP level 2. HP: 23/23 MP: 5/5
   331 | D:1      | Reached XP level 3. HP: 15/28 MP: 6/6
   657 | D:2      | Learned a level 2 spell: Momentum Strike
  1023 | D:2      | Found a faded altar of an unknown god.
  1108 | D:2      | Found a glowing silver altar of Zin.
  1327 | D:3      | Noticed Terence
  1497 | D:3      | Killed from afar by Terence

Illustrated notes

Levels and vault maps discovered:
D:1:      lightli_arrival_flooded_house, layout_rooms, minmay_tetromino_s2
D:2:      layout_loops_ring, basic_altar, hellmonk_ecumenical_altar_crossroads
D:3:      layout_rooms, grunt_decor_mini_mirrors,
          minmay_fractal_squares_gapless_5, uniq_terence, uniq_robin

Action                   || total
-------------------------++-------
Melee: Spear             ||    88
       Punch             ||     2
       Trident           ||    41
 Cast: Kiss of Death     ||     1
       Momentum Strike   ||     1
  Use: Potion            ||     1
Armor: Leather armour    ||    22
Dodge: Dodged            ||    67

Table legend: (Time is in decaauts)
 A = Elapsed time spent in this place.
 B = Non-inter-level travel time spent in this place.
 C = Inter-level travel time spent in this place.
 D = Time resting spent in this place.
 E = Time spent auto-exploring this place.
 F = Levels seen in this place.
 G = Mean time per level.
                   A        B        C        D        E       F      G
               +--------+--------+--------+--------+--------+-----+--------+
         Total |   1488 |   1421 |     67 |    137 |    969 |   3 |  496.0 |
       Dungeon |   1488 |   1421 |     67 |    137 |    969 |   3 |  496.0 |
               +--------+--------+--------+--------+--------+-----+--------+

Top non-repeatable levels by time:
     D:2: 830 daAuts
     D:1: 636 daAuts
     D:3: 21 daAuts
